PCL
MILE HIGH BRONCOS @ SANTA MONICA BRUINS
07/18/2030
 
TOP OF THE 1ST
Mile High Broncos batting - Pitching for Santa Monica Bruins : RHP Vicente Calderón
Pitching: RHP Vicente Calderón
Batting: LHB Don Hull 0-0: Ball
1-0: Ball
2-0: Foul Ball, location: 2F
2-1: Called Strike
2-2: Ball
3-2: Base on Balls
Batting: SHB Michael Field 0-0: Called Strike
0-1: Ball
1-1: Fly out, F4 (Popup, 4D)
Batting: RHB Rodney González 0-0: Foul Ball, location: 2F
0-1: SINGLE (Line Drive, 89S)
Don Hull to second
Batting: RHB António Martínez 0-0: Ball
1-0: Grounds into double play, 4-6-3 (Groundball, 34)
Top of the 1st over - 0 runs, 1 hit, 0 errors, 1 left on base; Mile High 0 - Santa Monica 0
BOTTOM OF THE 1ST
Santa Monica Bruins batting - Pitching for Mile High Broncos : LHP Jason Dean
Pitching: LHP Jason Dean
Batting: LHB Francisco Marino 0-0: Ball
1-0: SINGLE (Line Drive, 56S)
Batting: RHB John Nelson Pickoff Throw to First - Error! E1
Francisco Marino to second
0-0: Called Strike
0-1: Called Strike
0-2: Strikes out swinging
Batting: RHB Luis Martínez 0-0: Ball
1-0: Foul Ball, location: 2F
1-1: Called Strike
1-2: Ball
2-2: Ball
3-2: Base on Balls
Batting: RHB Javier González 0-0: Ball
1-0: Swinging Strike
1-1: Ball
2-1: Called Strike
2-2: Foul Ball, location: 2F
2-2: Grounds into double play, 6-4-3 (Groundball, 56)
Bottom of the 1st over - 0 runs, 1 hit, 1 error, 1 left on base; Mile High 0 - Santa Monica 0
TOP OF THE 2ND
Mile High Broncos batting - Pitching for Santa Monica Bruins : RHP Vicente Calderón
Batting: LHB Tony Báez 0-0: Foul Ball, location: 2F
0-1: Swinging Strike
0-2: Ball
1-2: Ball
2-2: Strikes out swinging
Batting: RHB Evan Robinson 0-0: Called Strike
0-1: Called Strike
0-2: Ball
1-2: Ball
2-2: Ball
3-2: Base on Balls
Batting: SHB Ben Marks 0-0: Ball
1-0: Called Strike
1-1: Foul Ball, location: 2F
1-2: Ball
2-2: Ball
3-2: Foul Ball, location: 2F
3-2: Foul Ball, location: 2F
3-2: Foul Ball, location: 2F
3-2: Foul Ball, location: 2F
3-2: Foul Ball, location: 2F
3-2: Foul Ball, location: 2F
3-2: Foul Ball, location: 2F
3-2: Grounds into double play, 1-6-3 (Groundball, 13)
Top of the 2nd over - 0 runs, 0 hits, 0 errors, 0 left on base; Mile High 0 - Santa Monica 0
BOTTOM OF THE 2ND
Santa Monica Bruins batting - Pitching for Mile High Broncos : LHP Jason Dean
Batting: RHB Dave King 0-0: Ball
1-0: Swinging Strike
1-1: SINGLE (Line Drive, 34D)
Batting: LHB Jorge Souza 0-0: Called Strike
0-1: Grounds into double play, 6-4-3 (Groundball, 6M)
Batting: LHB Ramiro Martínez 0-0: Called Strike
0-1: Called Strike
0-2: Strikes out swinging
Bottom of the 2nd over - 0 runs, 1 hit, 0 errors, 0 left on base; Mile High 0 - Santa Monica 0
TOP OF THE 3RD
Mile High Broncos batting - Pitching for Santa Monica Bruins : RHP Vicente Calderón
Batting: RHB Tim Hanson 0-0: Ball
1-0: Called Strike
1-1: Called Strike
1-2: Ball
2-2: Ball
3-2: Ground out 6-3 (Groundball, 6)
Batting: SHB Paco Martínez 0-0: Ball
1-0: Swinging Strike
1-1: Swinging Strike
1-2: Foul Ball, location: 2F
1-2: Strikes out swinging
Batting: LHB Don Hull 0-0: Ground out 5-3 (Groundball, 56)
Top of the 3rd over - 0 runs, 0 hits, 0 errors, 0 left on base; Mile High 0 - Santa Monica 0
BOTTOM OF THE 3RD
Santa Monica Bruins batting - Pitching for Mile High Broncos : LHP Jason Dean
Batting: RHB Ernest Russell 0-0: Called Strike
0-1: SINGLE (Groundball, 6MD)
Batting: LHB Gonzalo Benítez 0-0: Swinging Strike
0-1: Ball
1-1: Called Strike
1-2: Strikes out swinging
Batting: LHB Francisco Marino 0-0: Ball
1-0: Ball
2-0: Ball
3-0: Called Strike
3-1: Swinging Strike
3-2: Foul Ball, location: 2F
3-2: Strikes out looking
Batting: RHB John Nelson 0-0: Ground out 5-3 (Groundball, 56S)
Bottom of the 3rd over - 0 runs, 1 hit, 0 errors, 1 left on base; Mile High 0 - Santa Monica 0
TOP OF THE 4TH
Mile High Broncos batting - Pitching for Santa Monica Bruins : RHP Vicente Calderón
Batting: SHB Michael Field 0-0: Called Strike
0-1: Foul Ball, location: 2F
0-2: Foul Ball, location: 2F
0-2: Fly out, F9 (Flyball, 9LSF)
Batting: RHB Rodney González 0-0: Ball
1-0: Called Strike
1-1: Ball
2-1: Called Strike
2-2: Reached on error, E4 (Groundball, 4M)
Batting: RHB António Martínez 0-0: Ball
1-0: Foul Ball, location: 2F
1-1: Foul Ball, location: 2F
1-2: Ball
2-2: Fly out, F3 (Popup, 23)
Batting: LHB Tony Báez 0-0: Ball
1-0: Foul Ball, location: 2F
1-1: Swinging Strike
1-2: Ball
2-2: Ball
3-2: Foul Ball, location: 2F
3-2: Foul Ball, location: 2F
3-2: Foul Ball, location: 2F
3-2: Strikes out swinging
Top of the 4th over - 0 runs, 0 hits, 1 error, 1 left on base; Mile High 0 - Santa Monica 0
BOTTOM OF THE 4TH
Santa Monica Bruins batting - Pitching for Mile High Broncos : LHP Jason Dean
Batting: RHB Luis Martínez 0-0: Ball
1-0: SINGLE (Line Drive, 6D)
Batting: RHB Javier González 0-0: Swinging Strike
0-1: Foul Ball, location: 2F
0-2: Ball
1-2: Strikes out looking
Batting: RHB Dave King 0-0: Swinging Strike
0-1: Foul Ball, location: 2F
0-2: Ball
1-2: Ball
2-2: Ball
3-2: Foul Ball, location: 2F
3-2: Foul Ball, location: 2F
3-2: Foul Ball, location: 2F
3-2: Foul Ball, location: 2F
3-2: Strikes out swinging
Batting: LHB Jorge Souza 0-0: SINGLE (Groundball, 34D)
Luis Martínez to second
Runner from 2nd tries for 3rd, SAFE, throw made to third
Batting: LHB Ramiro Martínez 0-0: SINGLE (Flyball, 9LS)
Luis Martínez scores
Jorge Souza to second
Runner from 2nd tries for 3rd, SAFE, no throw
Batting: RHB Ernest Russell 0-0: Ball
Wild Pitch!
Jorge Souza scores
Ramiro Martínez to second
1-0: SINGLE (Groundball, 6MD)
Ramiro Martínez to third
Runner from 3rd tries for Home, SAFE, no throw
Batting: LHB Gonzalo Benítez 0-0: Foul Ball, location: 2F
0-1: Ball
1-1: Ball
2-1: Ground out 4-3 (Groundball, 4M)
Bottom of the 4th over - 3 runs, 4 hits, 0 errors, 1 left on base; Mile High 0 - Santa Monica 3
TOP OF THE 5TH
Mile High Broncos batting - Pitching for Santa Monica Bruins : RHP Vicente Calderón
Batting: RHB Evan Robinson 0-0: Ball
1-0: Ball
2-0: Foul Ball, location: 2F
2-1: SINGLE (Groundball, 6MD)
Batting: SHB Ben Marks 0-0: Swinging Strike
0-1: Fielders Choice at 2nd, 5-4 (Groundball, 56D)
Batting: RHB Tim Hanson 0-0: Foul Ball, location: 2F
0-1: Called Strike
0-2: Foul Ball, location: 2F
0-2: Ball
1-2: Foul Ball, location: 2F
1-2: Ball
2-2: Ball
3-2: Base on Balls
Ben Marks to second
Batting: SHB Paco Martínez 0-0: Grounds into double play, 6-4-3 (Groundball, 6M)
Top of the 5th over - 0 runs, 1 hit, 0 errors, 1 left on base; Mile High 0 - Santa Monica 3
BOTTOM OF THE 5TH
Santa Monica Bruins batting - Pitching for Mile High Broncos : LHP Jason Dean
Batting: LHB Francisco Marino 0-0: Ball
1-0: Ball
2-0: Ball
3-0: Called Strike
3-1: Called Strike
3-2: Strikes out swinging
Batting: RHB John Nelson 0-0: SINGLE (Flyball, 89S)
Batting: RHB Luis Martínez 0-0: Grounds into double play, 4-6-3 (Groundball, 4)
Bottom of the 5th over - 0 runs, 1 hit, 0 errors, 0 left on base; Mile High 0 - Santa Monica 3
TOP OF THE 6TH
Mile High Broncos batting - Pitching for Santa Monica Bruins : RHP Vicente Calderón
Batting: LHB Don Hull 0-0: Ball
1-0: Ball
2-0: Ground out 6-3 (Groundball, 6)
Batting: SHB Michael Field 0-0: Ball
1-0: Called Strike
1-1: Ball
2-1: Ground out 4-3 (Groundball, 4)
Batting: RHB Rodney González 0-0: Ball
1-0: Swinging Strike
1-1: Foul Ball, location: 2F
1-2: SINGLE (Groundball, 4MD)
Batting: RHB António Martínez 0-0: Called Strike
0-1: SINGLE (Line Drive, 8LS)
Rodney González to second
Batting: LHB Tony Báez 0-0: Ball
1-0: Ball
2-0: Swinging Strike
2-1: Ball
3-1: Called Strike
3-2: SINGLE (Line Drive, 56)
Rodney González to third
António Martínez to second
Rodney González scores
António Martínez to third
Pitching: RHP Manuel López
Batting: RHB Evan Robinson 0-0: Called Strike
0-1: Ground out 1-3 (Groundball, 13S)
Top of the 6th over - 1 run, 3 hits, 0 errors, 2 left on base; Mile High 1 - Santa Monica 3
BOTTOM OF THE 6TH
Santa Monica Bruins batting - Pitching for Mile High Broncos : LHP Jason Dean
Batting: RHB Javier González 0-0: Ball
1-0: Foul Ball, location: 2F
1-1: Foul Ball, location: 2F
1-2: Ground out 5-3 (Groundball, 56)
Batting: RHB Dave King 0-0: Ball
1-0: Ball
2-0: Fly out, F9 (Flyball, 9S)
Batting: LHB Jorge Souza 0-0: Called Strike
0-1: Foul Ball, location: 2F
0-2: Ball
1-2: Ball
2-2: Ball
3-2: Ground out 3-1 (Groundball, 34)
Bottom of the 6th over - 0 runs, 0 hits, 0 errors, 0 left on base; Mile High 1 - Santa Monica 3
TOP OF THE 7TH
Mile High Broncos batting - Pitching for Santa Monica Bruins : RHP Manuel López
Batting: SHB Ben Marks 0-0: Ball
1-0: Fly out, F7 (Flyball, 78M)
Batting: RHB Tim Hanson 0-0: Ball
1-0: SOLO HOME RUN (Flyball, 7D), Distance : 340 ft
Batting: SHB Paco Martínez 0-0: Called Strike
0-1: Ball
1-1: Foul Ball, location: 2F
1-2: Foul Ball, location: 2F
1-2: Ball
2-2: SINGLE (Groundball, 6D)
Batting: LHB Don Hull 0-0: Fly out, F8 (Flyball, 8LD)
Batting: SHB Michael Field 0-0: Hit by Pitch
Paco Martínez to second
Batting: RHB Rodney González 0-0: Ball
1-0: Ball
2-0: Foul Ball, location: 2F
2-1: Ball
3-1: Base on Balls
Paco Martínez to third
Michael Field to second
Pitching: RHP Joe Shoemaker
Batting: RHB António Martínez 0-0: Ball
1-0: Ball
Wild Pitch!
Paco Martínez scores
Michael Field to third
Rodney González to second
2-0: Called Strike
2-1: Ball
3-1: Foul Ball, location: 2F
3-2: Base on Balls
Batting: LHB Tony Báez 0-0: Ball
1-0: Ball
2-0: Ball
3-0: Called Strike
3-1: SINGLE (Groundball, 34D)
Michael Field scores
Rodney González to third
António Martínez to second
Runner from 3rd tries for Home, SAFE, no throw
Batting: RHB Evan Robinson 0-0: Ball
1-0: Ball
2-0: SINGLE (Line Drive, 8LS)
António Martínez to third
Tony Báez to second
Runner from 3rd tries for Home, SAFE, no throw
Batting: SHB Ben Marks 0-0: Single, Error in OF, E7, batter to second base
Tony Báez scores
Evan Robinson to third
Pitching: RHP Bartolo Romo
Batting: RHB Tim Hanson 0-0: Foul Ball, location: 2F
0-1: Swinging Strike
0-2: Ball
1-2: Strikes out swinging
Top of the 7th over - 6 runs, 5 hits, 1 error, 2 left on base; Mile High 7 - Santa Monica 3
BOTTOM OF THE 7TH
Santa Monica Bruins batting - Pitching for Mile High Broncos : LHP Jason Dean
Batting: LHB Ramiro Martínez 0-0: Foul Ball, location: 2F
0-1: Ball
1-1: Called Strike
1-2: Foul Ball, location: 2F
1-2: SINGLE (Line Drive, 4MD)
Batting: RHB Ernest Russell 0-0: Called Strike
0-1: Ball
1-1: Ball
2-1: Fielders Choice at 2nd, 6-4 (Groundball, 6)
Batting: LHB Gonzalo Benítez 0-0: Swinging Strike
0-1: Ball
1-1: Foul Ball, location: 2F
1-2: Foul Ball, location: 2F
1-2: Ball
2-2: Ground out 6-3 (Groundball, 6MD)
Ernest Russell to second
Batting: LHB Francisco Marino 0-0: Ball
1-0: Foul Ball, location: 2F
1-1: Ball
2-1: SINGLE (Line Drive, 6D)
Ernest Russell to third
Runner from 3rd tries for Home, throw and OUT!
Bottom of the 7th over - 0 runs, 2 hits, 0 errors, 1 left on base; Mile High 7 - Santa Monica 3
TOP OF THE 8TH
Mile High Broncos batting - Pitching for Santa Monica Bruins : RHP Bartolo Romo
Batting: SHB Paco Martínez 0-0: Called Strike
0-1: Ball
1-1: Ball
2-1: Ball
3-1: Base on Balls
Batting: LHB Don Hull 0-0: Called Strike
0-1: Ball
1-1: Ball
2-1: Ball
3-1: Base on Balls
Paco Martínez to second
Batting: SHB Michael Field 0-0: Bunted foul
0-1: Sac Bunt - play at first, batter OUT! 5-4
Paco Martínez to third
Don Hull to second
Batting: RHB Rodney González 0-0: Called Strike
Balk!
Paco Martínez scores
Don Hull to third
0-1: Ball
1-1: Ball
2-1: 2-RUN HOME RUN (Flyball, 7LD), Distance : 339 ft
Batting: RHB António Martínez 0-0: Ball
1-0: Foul Ball, location: 2F
1-1: Ball
2-1: Swinging Strike
2-2: Ball
3-2: Foul Ball, location: 2F
3-2: Strikes out swinging
Batting: LHB Tony Báez 0-0: Ball
1-0: Called Strike
1-1: DOUBLE (Line Drive, 78D)
Batting: RHB Evan Robinson 0-0: Ball
1-0: Ball
2-0: Ball
Balk!
Tony Báez to third
3-0: Called Strike
3-1: Fly out, F9 (Flyball, 9)
Top of the 8th over - 3 runs, 2 hits, 0 errors, 1 left on base; Mile High 10 - Santa Monica 3
BOTTOM OF THE 8TH
Santa Monica Bruins batting - Pitching for Mile High Broncos : LHP Jason Dean
Now at C: Mançio Delmage
Now at 2B: Keith Shaffer
Batting: RHB John Nelson 0-0: Ball
1-0: Ball
2-0: Fly out, F8 (Flyball, 8RM)
Batting: RHB Luis Martínez 0-0: Foul Ball, location: 2F
0-1: Ground out 5-3 (Groundball, 56)
Batting: RHB Javier González 0-0: Swinging Strike
0-1: Swinging Strike
0-2: Ball
1-2: Ball
2-2: Fly out, F8 (Flyball, 8LM)
Bottom of the 8th over - 0 runs, 0 hits, 0 errors, 0 left on base; Mile High 10 - Santa Monica 3
TOP OF THE 9TH
Mile High Broncos batting - Pitching for Santa Monica Bruins : RHP Bartolo Romo
Batting: SHB Ben Marks 0-0: Called Strike
0-1: Fly out, F8 (Flyball, 8LD)
Batting: RHB Tim Hanson 0-0: Foul Ball, location: 2F
0-1: Foul Ball, location: 2F
0-2: Ball
1-2: Ball
2-2: Foul Ball, location: 2F
2-2: Foul Ball, location: 2F
2-2: Ball
3-2: Fly out, F7 (Flyball, 7)
Batting: SHB Paco Martínez 0-0: Ball
1-0: Foul Ball, location: 2F
1-1: Foul Ball, location: 2F
1-2: Foul Ball, location: 2F
1-2: Fly out, F8 (Flyball, 8LD)
Top of the 9th over - 0 runs, 0 hits, 0 errors, 0 left on base; Mile High 10 - Santa Monica 3
BOTTOM OF THE 9TH
Santa Monica Bruins batting - Pitching for Mile High Broncos : LHP Jason Dean
Now at SS: Luis Alvarado
Batting: RHB Dave King 0-0: Ball
1-0: Ball
2-0: Ball
3-0: Called Strike
3-1: SINGLE (Groundball, 3D)
Pitching: RHP José García
Batting: LHB Jorge Souza 0-0: Called Strike
0-1: Ball
1-1: Ball
2-1: Called Strike
2-2: Ball
3-2: Foul Ball, location: 2F
3-2: Base on Balls
Dave King to second
Batting: LHB Ramiro Martínez 0-0: Foul Ball, location: 2F
0-1: Ball
1-1: Foul Ball, location: 2F
1-2: Ball
2-2: Foul Ball, location: 2F
2-2: Strikes out swinging
Batting: RHB Ernest Russell 0-0: Ball
1-0: 3-RUN HOME RUN (Flyball, 8LXD), Distance : 412 ft
Pitching: RHP Hokusai Nakashima
Batting: LHB Gonzalo Benítez 0-0: Ball
1-0: Called Strike
1-1: Called Strike
1-2: Ball
2-2: Strikes out looking
Batting: LHB Francisco Marino 0-0: Called Strike
0-1: Called Strike
0-2: Ball
1-2: Strikes out looking
Bottom of the 9th over - 3 runs, 2 hits, 0 errors, 0 left on base; Mile High 10 - Santa Monica 6
Saturday, April 7th, 2018 - OOTP Baseball 18.8 Build 76